 Dungeon Crawl Stone Soup version 0.22-a0-398-g8bb545f (webtiles) character file.

91 iamserjio the Magician (level 4, -6/30 HPs)
             Began as a Mummy Fire Elementalist on May 5, 2018.
             Mangled by a goblin
             ... wielding a +2 dagger of distortion
              (19 damage)
             ... on level 2 of the Dungeon.
             The game lasted 00:04:07 (1833 turns).

iamserjio the Magician (Mummy Fire Elementalist)    Turns: 1833, Time: 00:04:08

Health: -6/30      AC:  3    Str: 11    XL:     4   Next: 33%
Magic:  0/9        EV: 12    Int: 15    God:
Gold:   61         SH:  0    Dex: 12    Spells: 6/10 levels left

rFire    x . .     SeeInvis .   h - +1 dagger (drain)
rCold    + . .     Gourm    .   (no shield)
rNeg     + + +     Faith    .   a - +0 robe
rPois    ∞         Spirit   .   d - +0 helmet
rElec    .         Reflect  .   (no cloak)
rCorr    .         Harm     .   (no gloves)
MR       .....                  (no boots)
Stlth    ++........             (no amulet)
HPRegen  0.10/turn              (no ring)
MPRegen  0.11/turn              (no ring)

@: very slightly contaminated
A: no food or potions, fire vulnerability, cold resistance 1, negative energy
resistance 3, torment resistance, unbreathing
a: no special abilities


You were on level 2 of the Dungeon.
You were not hungry.

You visited 1 branch of the dungeon, and saw 2 of its levels.

You collected 61 gold pieces.

Inventory:

Hand Weapons
 c - a +0 short sword
 h - a +1 dagger of draining (weapon)
Armour
 a - a +0 robe (worn)
 d - a +0 helmet (worn)
Jewellery
 j - an uncursed amulet of magic regeneration {unknown}
Scrolls
 b - a scroll of random uselessness {unknown}
 e - a scroll of magic mapping {unknown}
 f - 2 scrolls of amnesia {unknown}
 g - 3 scrolls of fog {unknown}
 i - a scroll of identify {unknown}
 k - a scroll of blinking {unknown}
 l - a scroll of immolation {unknown}


   Skills:
 - Level 1.5 Dodging
 - Level 1.5 Stealth
 + Level 3.9 Spellcasting
 + Level 2.0 Conjurations
 + Level 3.2 Fire Magic


You had 6 spell levels left.
You knew the following spells:

 Your Spells              Type           Power        Failure   Level  Hunger
a - Flame Tongue          Conj/Fire      ##...        6%          1    N/A
b - Conjure Flame         Conj/Fire      ##......     19%         3    N/A

Dungeon Overview and Level Annotations

Branches:
Dungeon (2/15)

Altars:


Innate Abilities, Weirdness & Mutations

You do not eat or drink.
Your flesh is vulnerable to fire.
You are immune to poison.
Your flesh is cold resistant. (rC+)
You are immune to negative energy. (rN+++)
You are immune to unholy pain and torment.
You can survive without breathing.


Message History

Casting: Flame Tongue (safe; 6% risk of failure)
Confirm with . or Enter, or press ? or * to list all spells.
Aiming: Flame Tongue (safe; 6% risk of failure)
Press: ? - help, Shift-Dir - straight line, f/p - goblin
Aim: a goblin, wielding a dagger of distortion and wearing a ring mail The flame tongue hits the goblin.
The goblin is heavily wounded.
The goblin hits you with a dagger of distortion.
Space bends around you.
Casting: Flame Tongue (safe; 6% risk of failure)
Confirm with . or Enter, or press ? or * to list all spells.
Aiming: Flame Tongue (safe; 6% risk of failure)
Press: ? - help, Shift-Dir - straight line, f/p - goblin
Aim: a goblin, wielding a dagger of distortion and wearing a ring mail (heavily wounded)
The flame tongue hits the goblin.
The goblin is severely wounded.
The goblin hits you with a dagger of distortion.
Space warps horribly around you!
Ouch! That really hurt!
You die...

#.# #.## .# #..# #.#
##.## #.. ##...## #..
.# ##.....## #.# #.#
##.......####.# ....
#............# #.#.#
##...@g..##.## ......
##.....####†###...⌠..
##...## ##.#.......
##.## ##.....⌠.. ###
##....... #.#.#.#
..... .#. . .# #


You could see a goblin.

Vanquished Creatures
  4 gnolls
  2 adders (D:2)
  A dart slug (D:1)
  3 bats (D:1)
  2 giant cockroaches (D:1)
  5 hobgoblins
  7 kobolds (D:1)
  2 frilled lizards (D:1)
  3 goblins
  6 rats
35 creatures vanquished.

Notes
Turn   | Place    | Note
-------+----------+-------------------------------------------
     0 | D:1      | iamserjio the Mummy Fire Elementalist began the quest for the Orb.
     0 | D:1      | Reached XP level 1. HP: 13/13 MP: 4/4
   230 | D:1      | Reached skill level 1 in Conjurations
   291 | D:1      | Reached XP level 2. HP: 18/19 MP: 4/6
  1187 | D:2      | Reached XP level 3. HP: 24/24 MP: 4/7
  1431 | D:2      | Learned a level 3 spell: Conjure Flame
  1596 | D:2      | Reached XP level 4. HP: 23/30 MP: 3/9
  1833 | D:2      | Mangled by a goblin

Vault maps used:
D:1:      ncdulo_wetmaze
D:2:      elyvilon_altar_5

Skill      XL: |  1  2  3  4 |
---------------+-------------+-----
Conjurations   | 1 2 |  2.0
Spellcasting   | 3 |  3.9
Fire Magic     | 3 |  3.2
Dodging        | |  1.5
Stealth        | |  1.5

Action                   |  1- 3 |  4- 6 || total
-------------------------+-------+-------++-------
Melee: Short sword       |    12 |       ||    12
       Unarmed           |     1 |       ||     1
       Dagger            |     4 |       ||     4
 Cast: Flame Tongue      |    48 |    11 ||    59
Armor: Robe              |     7 |     1 ||     8
Dodge: Dodged            |    43 |     3 ||    46

Table legend:
 A = Spawn XP
 B = Non-spawn XP
 C = Spawn XP percentage of total XP
 D = Spawn monster count
 E = Non-spawn monster count
 F = Spawn count percentage of total count
 G = Total turns spent on level
                    A         B        C        D         E        F      G
               +---------+---------+-------+---------+---------+-------+---------
         Total |       0 |     130 |   0.0 |       0 |      35 |   0.0 |  1833
               +---------+---------+-------+---------+---------+-------+---------
           D:1 |       0 |      52 |   0.0 |       0 |      26 |   0.0 |  1373
           D:2 |       0 |      78 |   0.0 |       0 |       9 |   0.0 |   460
               +---------+---------+-------+---------+---------+-------+---------
